 Seeded DCSS version 0.29.1-15-g9cfb28693d (webtiles) character file.

Game seed: 10705080513492541372 (custom seed)

2195 Psyclone the Tainter (level 9, -18/51 HPs)
             Began as an Octopode Venom Mage on Sept 19, 2023.
             Killed from afar by Maggie (20 damage)
             ... with a bolt of fire
             ... on level 6 of the Dungeon.
             The game lasted 00:13:51 (5577 turns).

Psyclone the Tainter (Octopode Venom Mage)          Turns: 5577, Time: 00:13:52

Health: -18/51     AC:  2    Str: 14    XL:     9   Next: 34%
Magic:  16/21      EV: 13    Int: 21    God:
Gold:   245        SH:  0    Dex: 18    Spells: 5/12 levels left

rFire   . . .      SeeInvis .   o - +10 dagger of Grandeur {holy, rElec MP+9}
rCold   . . .      Faith    .   (no shield)
rNeg    . . .      Spirit   .   (helmet restricted)
rPois   .          Reflect  .   r - amulet of regeneration
rElec   +          Harm     .   d - +4 ring of slaying
rCorr   .          Rampage  .   b - +6 ring of dexterity
Will    +....                   g - ring of wizardry
Stlth   +++.......              q - +4 ring of slaying
HPRegen 0.97/turn               s - +6 ring of strength
MPRegen 0.17/turn               i - ring of willpower
                                (no ring)
                                (no ring)

@: mesmerised
A: almost no armour, amphibious, 8 rings, camouflage 1, gelatinous body 1,
(nimble swimmer 1), tentacles, shaggy fur 1
a: no special abilities


You were on level 6 of the Dungeon.
You visited 1 branch of the dungeon, and saw 6 of its levels.

You collected 259 gold pieces.
You spent 14 gold pieces at shops.

Inventory:

Hand Weapons
 o - the +10 dagger of Grandeur (weapon) {holy, rElec MP+9}
   (You found it on level 2 of the Dungeon)

   It has been blessed by the Shining One to cause great damage to the undead
   and demons.
   rElec:     It insulates you from electricity.
   MP:        It affects your magic capacity (+9).
Jewellery
 b - a +6 ring of dexterity (right tentacle)
 d - a +4 ring of slaying (left tentacle)
 g - a ring of wizardry (on tentacle)
 i - a ring of willpower (on tentacle)
 q - a +4 ring of slaying (on tentacle)
 r - an amulet of regeneration (around mantle)
 s - a +6 ring of strength (on tentacle)
Wands
 f - a wand of polymorph (10)
 j - a wand of quicksilver (8)
 l - a wand of flame (27)
Scrolls
 e - a scroll of silence {!r}
 k - a scroll of magic mapping
 m - 2 scrolls of identify {@r1}
 t - a scroll of poison
 u - a scroll of teleportation
Potions
 a - a potion of magic
 c - 2 potions of flight
 h - 2 potions of haste
 n - a potion of resistance
 p - a potion of mutation


   Skills:
 - Level 5.0 Short Blades
 - Level 2.0 Dodging
 - Level 2.6 Stealth
 - Level 2.0 Spellcasting
 - Level 1.0 Transmutations
 + Level 13.4 Poison Magic


You had 5 spell levels left.
You knew the following spells:

 Your Spells              Type           Power      Damage    Failure   Level
a - Poisonous Vapours     Pois/Air       60%        N/A       1%          2
v - Sting                 Tmut/Pois      100%       1d8       1%          1
x - Olgreb's Toxic Radia  Pois           55%        N/A       1%          4

Your spell library contained the following spells:

 Spells                   Type           Power      Damage    Failure   Level
 Mephitic Cloud           Conj/Pois/Air  20%        N/A       2%          3
 Call Canine Familiar     Summ           2%         N/A       17%         3
 Portal Projectile        Hex/Tloc       4%         N/A       17%         3
 Leda's Liquefaction      Hex/Erth       1%         N/A       47%         4


Dungeon Overview and Level Annotations

Branches:
Dungeon (6/15) Zot: 26537  Temple (0/1) D:4

Altars:
Cheibriados

Shops:
D:4 !   D:6 !

Annotations:
D:6 Maggie


Innate Abilities, Weirdness & Mutations

You cannot wear most types of armour.
You are amphibious.
You can wear up to eight rings at the same time.
Your skin changes colour to match your surroundings (Stealth+).
Your rubbery body absorbs attacks. (AC +1, EV +1)
((You are camouflaged when in or above water. (Stealth+)))
You have tentacles for arms and can constrict up to eight enemies at once.
You are covered in fur. (AC +1)


Message History

Aim: Maggie, wielding a +1 broad axe of flaming, wearing +0 steam dragon scales, wearing a +4 ring of protection and carrying a wand of flame (30) (lightly wounded, very poisoned) Poisonous vapours surround Maggie!
Maggie looks as sick as possible!
You now have 17/21 mp.
Casting: Poisonous Vapours (safe; 1% risk of failure)
Confirm with . or Enter, or press ? or * to list all spells.
Aiming: Poisonous Vapours (safe; 1% risk of failure)
Press: ? - help, Dir - move target, f/p - Maggie
Aim: Maggie, wielding a +1 broad axe of flaming, wearing +0 steam dragon scales, wearing a +4 ring of protection and carrying a wand of flame (30) (lightly wounded, extremely poisoned) Poisonous vapours surround Maggie!
Maggie looks as sick as possible!
Maggie mumbles some strange words.
Maggie attempts to bespell you!
You are mesmerised by Maggie!
You now have 15/21 mp.
Maggie casts a spell at you. The bolt of fire hits you!!
You take 24 damage, and have 27/51 hp.
MASSIVE DAMAGE!!
Maggie zaps a wand.
The puff of flame misses you. Maggie closely misses you.
You hit Maggie but do no damage. You grab Maggie.
Maggie is lightly wounded.
You constrict Maggie. Maggie barely misses you.
You puncture Maggie!
Maggie is heavily wounded.
You constrict Maggie. You hit Maggie but do no damage.
Your squeeze misses Maggie.
Maggie is heavily wounded.
You constrict Maggie.
A jelly comes into view.
Maggie casts a spell at you. The bolt of fire hits you!!
Ouch! That really hurt!
* * * LOW HITPOINT WARNING * * *
The jelly quivers.
You take 29 damage, and have 1/51 hp.
MASSIVE DAMAGE!!
You puncture Maggie!
Maggie is almost dead.
You constrict Maggie. Maggie gestures at you while chanting.
The bolt of fire hits you!!
You die...

#.####
#...##.....# #.#
#...##.......
#.#
#...##.....###
#.# ..##.....#
#†# .##......
####.# #....#.#
#...†###########
#...............
#..#...#@..#.
#...#)#..@#)#
#....#...#...#
#..............
#..#...#)..#...#
#...#.#...#)#...
#....# .J#...#..
#.... .........
#..#. ...#...


You could see Maggie (mesmerising, very poisoned) and a jelly.

Vanquished Creatures
  Sigmund (D:6)
  A wraith (D:6)
  Menkaure (D:5)
  An ice beast (D:6)
  2 sky beasts
  2 black bears (D:6)
  A centaur (D:5)
  Blork the orc (D:5)
  A bullfrog (D:6)
  3 scorpions
  A howler monkey (D:6)
  5 jellies
  2 hounds (D:6)
  Crazy Yiuf (D:5)
  A gnoll bouda (D:5)
  An iron imp (D:5)
  Ijyb (D:5)
  Natasha (thrice) (D:3)
  6 iguanas
  3 orc wizards
  5 gnolls (D:5)
  7 adders
  A shadow imp (D:6)
  2 white imps (D:6)
  An ufetubus (D:5)
  2 worms (D:3)
  A dart slug (D:4)
  16 orcs
  5 endoplasms
  A giant cockroach (D:1)
  5 goblins
  8 hobgoblins
  4 kobolds
  6 quokkas
  10 ball pythons
  5 bats
  A frilled lizard (D:1)
  4 rats
122 creatures vanquished.

Notes
Turn   | Place    | Note
-------+----------+-------------------------------------------
     0 | D:1      | Psyclone the Octopode Venom Mage began the quest for the
                  | Orb.
     0 | D:1      | Reached XP level 1. HP: 11/11 MP: 3/3
   326 | D:1      | Reached skill level 4 in Poison Magic
   579 | D:1      | Reached XP level 2. HP: 5/17 MP: 0/5
   826 | D:1      | Learned a level 2 spell: Poisonous Vapours
   953 | D:1      | Found a faded altar of an unknown god.
  1894 | D:2      | Reached skill level 5 in Poison Magic
  1894 | D:2      | Reached XP level 3. HP: 21/21 MP: 3/6
  2153 | D:2      | Identified the +10 dagger of Grandeur {holy, rElec MP+9}
  2490 | D:3      | Reached XP level 4. HP: 27/27 MP: 7/7
  2517 | D:3      | Noticed Natasha
  2526 | D:3      | Killed Natasha
  2527 | D:3      | Reached skill level 6 in Poison Magic
  2699 | D:3      | Noticed Natasha
  2705 | D:3      | Killed Natasha
  2706 | D:3      | Reached XP level 5. HP: 22/31 MP: 8/8
  2750 | D:3      | Noticed Natasha
  2755 | D:3      | Killed Natasha
  2756 | D:3      | Reached skill level 7 in Poison Magic
  3123 | D:3      | Gained mutation: You are covered in fur. (AC +1) [potion of
                  | mutation]
  3307 | D:4      | Found a staircase to the Ecumenical Temple.
  3411 | D:4      | Found Qaureyw's Distillery.
  3417 | D:4      | Bought a potion of degeneration for 14 gold pieces
  3495 | D:4      | Reached XP level 6. HP: 19/36 MP: 9/9
  4084 | D:5      | Entered Level 5 of the Dungeon
  4101 | D:5      | Reached skill level 8 in Poison Magic
  4111 | D:5      | Noticed a sky beast
  4118 | D:5      | Killed a sky beast
  4119 | D:5      | Reached skill level 1 in Short Blades
  4195 | D:5      | Noticed Menkaure
  4197 | D:5      | Killed Menkaure
  4198 | D:5      | Reached skill level 9 in Poison Magic
  4198 | D:5      | Reached XP level 7. HP: 41/41 MP: 10/10
  4203 | D:5      | Learned a level 4 spell: Olgreb's Toxic Radiance
  4387 | D:5      | Noticed Blork the orc
  4395 | D:5      | Killed Blork the orc
  4509 | D:5      | Found a runed translucent door.
  4510 | D:5      | Noticed Crazy Yiuf
  4515 | D:5      | Killed Crazy Yiuf
  4652 | D:5      | Reached skill level 10 in Poison Magic
  4805 | D:5      | Noticed Ijyb
  4815 | D:5      | Killed Ijyb
  4816 | D:5      | Reached XP level 8. HP: 32/46 MP: 11/11
  4875 | D:5      | Found a snail-covered altar of Cheibriados.
  5165 | D:6      | Reached skill level 11 in Poison Magic
  5166 | D:6      | Found Wiynkuoc's Distillery.
  5208 | D:6      | Noticed Sigmund
  5231 | D:6      | Killed Sigmund
  5375 | D:6      | Reached skill level 12 in Poison Magic
  5426 | D:6      | Noticed a wraith
  5430 | D:6      | Reached XP level 9. HP: 42/51 MP: 11/12
  5440 | D:6      | Reached skill level 5 in Short Blades
  5444 | D:6      | Reached skill level 13 in Poison Magic
  5567 | D:6      | Noticed Maggie
  5576 | D:6      | HP: 1/51 [Maggie/bolt of fire (30)]
  5577 | D:6      | Killed from afar by Maggie

Illustrated notes

Levels and vault maps discovered:
D:1:      ebering_hopf_link, layout_basic, ebering_ecumenical_altar_ruins
D:2:      minmay_general_purpose_star, layout_rooms, minmay_cut_off
D:3:      layout_basic, uniq_natasha
D:4:      layout_basic, temple_fountains, serial_glass, glass_columns_a,
          glass_columns_c, feat_on_display, item_on_display_a, serial_shops,
          nicolae_shop_waterfront, minmay_door_square, saegor_snake_ambush
D:5:      layout_basic, slow_altar_2, uniq_menkaure, uniq_ijyb,
          uniq_blork_the_orc, uniq_crazy_yiuf_cottage
D:6:      cheibrodos_fzero, layout_basic, serial_shops, shop_statue, shop,
          nicolae_shop_behind_doors, nicolae_shop_hallway_plus, uniq_maggie,
          uniq_sigmund

Skill      XL: |  1  2  3  4  5  6  7  8  9 |
---------------+----------------------------+-----
Poison Magic   | 4 5 6 7 9 10 12 13 | 13.4
Short Blades   | 1 2 4 5 |  5.0
Dodging        | |  2.0
Stealth        | |  2.6
Spellcasting   | |  2.0
Transmutations | |  1.0

Action                   |  1- 3 |  4- 6 |  7- 9 || total
-------------------------+-------+-------+-------++-------
Melee: Unarmed           |    17 |       |       ||    17
       Constrict         |     8 |    11 |    15 ||    34
       Tentacles         |     4 |     8 |    10 ||    22
       Dagger            |    22 |    52 |    71 ||   145
       Punch             |     1 |     1 |     1 ||     3
 Cast: Sting             |    12 |       |       ||    12
       Poisonous Vapours |    15 |    22 |    25 ||    62
       Olgreb's Toxic Ra |       |       |     6 ||     6
  Use: Scroll            |     3 |     3 |     2 ||     8
       Potion            |       |     6 |     2 ||     8
 Stab: Sleeping          |     3 |     2 |     1 ||     6
Armor: Skin              |     3 |     3 |     3 ||     9
Dodge: Dodged            |    21 |    39 |    41 ||   101
